TOP OF THE 1ST |
York Revolution batting - Pitching for Louisiana Dragoons : LHP Giel Overwater
|
Pitching: LHP Giel Overwater
|
|
Batting: RHB Andy Alderliesten
|
0-0: Ground out 3-1 (Groundball, 34)
|
Batting: LHB Jack MacOmish
|
0-0: Ball 1-0: Foul Ball, location: 2F 1-1: Fly out, F6 (Line Drive, 6)
|
Batting: RHB John Clark
|
0-0: Ball 1-0: Called Strike 1-1: Foul Ball, location: 2F 1-2: Ball 2-2: Ball 3-2: Strikes out looking
|
Top of the 1st over - 0 runs, 0 hits, 0 errors, 0 left on base; York 0 - Louisiana 0 |
BOTTOM OF THE 1ST |
Louisiana Dragoons batting - Pitching for York Revolution : RHP Gary Ashley
|
Pitching: RHP Gary Ashley
|
|
Batting: RHB Tony Calhoun
|
0-0: Called Strike 0-1: Ball 1-1: Foul Ball, location: 2F 1-2: Strikes out looking
|
Batting: RHB Richello Oliva
|
0-0: Swinging Strike 0-1: Ball 1-1: Ball 2-1: Called Strike 2-2: SOLO HOME RUN (Flyball, 7D), Distance : 386 ft
|
Batting: RHB Eugene Bennett
|
0-0: Called Strike 0-1: Swinging Strike 0-2: Strikes out looking
|
Batting: RHB David Martínez
|
0-0: Ground out 5-3 (Groundball, 56S)
|
Bottom of the 1st over - 1 run, 1 hit, 0 errors, 0 left on base; York 0 - Louisiana 1 |
TOP OF THE 2ND |
York Revolution batting - Pitching for Louisiana Dragoons : LHP Giel Overwater
|
Batting: SHB Vicente Romero
|
0-0: Swinging Strike 0-1: Foul Ball, location: 2F 0-2: SINGLE (Line Drive, 56)
|
Batting: RHB Ryoma Yamamoto
|
0-0: Ball 1-0: SINGLE (Line Drive, 78M) Vicente Romero to second
|
Batting: LHB Travis Towns
|
0-0: Called Strike 0-1: Ball 1-1: Ground out U3 (Groundball, 3S) Vicente Romero to third Ryoma Yamamoto to second
|
Batting: RHB Vaughn White
|
0-0: Called Strike 0-1: Ball 1-1: Fly out, F3 (Popup, 3F)
|
Batting: RHB Rich Stevens
|
0-0: Called Strike 0-1: Swinging Strike 0-2: Ball 1-2: Foul Ball, location: 2F 1-2: Foul Ball, location: 2F 1-2: Strikes out looking
|
Top of the 2nd over - 0 runs, 2 hits, 0 errors, 2 left on base; York 0 - Louisiana 1 |
BOTTOM OF THE 2ND |
Louisiana Dragoons batting - Pitching for York Revolution : RHP Gary Ashley
|
Batting: LHB Javier Seco
|
0-0: Swinging Strike 0-1: Called Strike 0-2: Strikes out swinging
|
Batting: LHB Pancho González
|
0-0: Called Strike 0-1: Ground out 4-3 (Groundball, 4)
|
Batting: RHB Woodrow McGuire
|
0-0: Ball 1-0: Called Strike 1-1: Foul Ball, location: 2F 1-2: SINGLE (Groundball, 34) (infield hit)
|
Batting: RHB Denny Moore
|
0-0: Ball Woodrow McGuire steals 2nd base 1-0: Ball 2-0: Fly out, F8 (Line Drive, 8LM)
|
Bottom of the 2nd over - 0 runs, 1 hit, 0 errors, 1 left on base; York 0 - Louisiana 1 |
TOP OF THE 3RD |
York Revolution batting - Pitching for Louisiana Dragoons : LHP Giel Overwater
|
Batting: RHB Tome Uso
|
0-0: Called Strike 0-1: Ball 1-1: Called Strike 1-2: Foul Ball, location: 2F 1-2: Foul Ball, location: 2F 1-2: Ball 2-2: Foul Ball, location: 2F 2-2: Foul Ball, location: 2F 2-2: Strikes out swinging
|
Batting: RHB Andy Alderliesten
|
0-0: Fly out, F8 (Flyball, 8RS)
|
Batting: LHB Jack MacOmish
|
0-0: Ball 1-0: SINGLE (Groundball, 6MD)
|
Batting: RHB John Clark
|
0-0: Called Strike 0-1: Ball 1-1: SINGLE (Line Drive, 34D) Jack MacOmish to second Runner from 2nd tries for 3rd, SAFE, no throw
|
Batting: SHB Vicente Romero
|
0-0: Ball 1-0: Foul Ball, location: 2F 1-1: Ball 2-1: Swinging Strike 2-2: SINGLE (Groundball, 6D) Jack MacOmish scores John Clark to second
|
Batting: RHB Ryoma Yamamoto
|
0-0: Foul Ball, location: 2F 0-1: Ball 1-1: Swinging Strike 1-2: Ball 2-2: Ball 3-2: SINGLE (Line Drive, 4MD) John Clark to third Vicente Romero to second John Clark scores Vicente Romero to third
|
Batting: LHB Travis Towns
|
0-0: Ball 1-0: Ball 2-0: Ball 3-0: Called Strike 3-1: Foul Ball, location: 2F 3-2: Base on Balls Ryoma Yamamoto to second
|
Batting: RHB Vaughn White
|
0-0: Called Strike 0-1: Foul Ball, location: 2F 0-2: Ball 1-2: Strikes out swinging
|
Top of the 3rd over - 2 runs, 4 hits, 0 errors, 3 left on base; York 2 - Louisiana 1 |
BOTTOM OF THE 3RD |
Louisiana Dragoons batting - Pitching for York Revolution : RHP Gary Ashley
|
Batting: RHB Toyoshige Ine
|
0-0: Ball 1-0: Ball 2-0: Called Strike 2-1: Ball 3-1: Called Strike 3-2: Foul Ball, location: 2F 3-2: Strikes out swinging
|
Batting: RHB Tony Calhoun
|
0-0: Ball 1-0: Called Strike 1-1: Called Strike 1-2: Foul Ball, location: 2F 1-2: Strikes out looking
|
Batting: RHB Richello Oliva
|
0-0: Ball 1-0: Ball 2-0: Ground out 1-3 (Groundball, P)
|
Bottom of the 3rd over - 0 runs, 0 hits, 0 errors, 0 left on base; York 2 - Louisiana 1 |
TOP OF THE 4TH |
York Revolution batting - Pitching for Louisiana Dragoons : LHP Giel Overwater
|
Batting: RHB Rich Stevens
|
0-0: Foul Ball, location: 2F 0-1: Foul Ball, location: 2F 0-2: Strikes out swinging
|
Batting: RHB Tome Uso
|
0-0: Ball 1-0: Ball 2-0: Called Strike 2-1: Swinging Strike 2-2: Foul Ball, location: 2F 2-2: SOLO HOME RUN (Flyball, 7LD), Distance : 349 ft
|
Batting: RHB Andy Alderliesten
|
0-0: Swinging Strike 0-1: Ball 1-1: Fly out, F9 (Flyball, 89S)
|
Batting: LHB Jack MacOmish
|
0-0: Swinging Strike 0-1: Swinging Strike 0-2: Ball 1-2: Ball 2-2: Ball 3-2: SINGLE (Line Drive, 5D)
|
Batting: RHB John Clark
|
0-0: Ball 1-0: Called Strike 1-1: Ball 2-1: Ball 3-1: Fielders Choice at 2nd, 5-4 (Groundball, 56)
|
Top of the 4th over - 1 run, 2 hits, 0 errors, 1 left on base; York 3 - Louisiana 1 |
BOTTOM OF THE 4TH |
Louisiana Dragoons batting - Pitching for York Revolution : RHP Gary Ashley
|
Batting: RHB Eugene Bennett
|
0-0: Ball 1-0: Called Strike 1-1: Ball 2-1: Called Strike 2-2: Ball 3-2: Ground out 5-3 (Groundball, 56S)
|
Batting: RHB David Martínez
|
0-0: Called Strike 0-1: Swinging Strike 0-2: Ball 1-2: Ball 2-2: Strikes out swinging
|
Batting: LHB Javier Seco
|
0-0: Swinging Strike 0-1: Called Strike 0-2: Ball 1-2: Foul Ball, location: 2F 1-2: Ball 2-2: Strikes out swinging
|
Bottom of the 4th over - 0 runs, 0 hits, 0 errors, 0 left on base; York 3 - Louisiana 1 |
TOP OF THE 5TH |
York Revolution batting - Pitching for Louisiana Dragoons : LHP Giel Overwater
|
Batting: SHB Vicente Romero
|
0-0: Ball 1-0: Swinging Strike 1-1: Fly out, F7 (Flyball, 7LSF)
|
Batting: RHB Ryoma Yamamoto
|
0-0: Ball 1-0: Ball 2-0: Ball 3-0: Called Strike 3-1: Foul Ball, location: 2F 3-2: Fly out, F4 (Popup, 34)
|
Batting: LHB Travis Towns
|
0-0: Ball 1-0: Called Strike 1-1: Foul Ball, location: 2F 1-2: Ball 2-2: Strikes out swinging
|
Top of the 5th over - 0 runs, 0 hits, 0 errors, 0 left on base; York 3 - Louisiana 1 |
BOTTOM OF THE 5TH |
Louisiana Dragoons batting - Pitching for York Revolution : RHP Gary Ashley
|
Batting: LHB Pancho González
|
0-0: Ball 1-0: Ball 2-0: Called Strike 2-1: Foul Ball, location: 2F 2-2: Strikes out swinging
|
Batting: RHB Woodrow McGuire
|
0-0: Called Strike 0-1: Foul Ball, location: 2F 0-2: Ball 1-2: Strikes out looking
|
Batting: RHB Denny Moore
|
0-0: Ball 1-0: Foul Ball, location: 2F 1-1: Ball 2-1: Ball 3-1: Called Strike 3-2: Strikes out swinging
|
Bottom of the 5th over - 0 runs, 0 hits, 0 errors, 0 left on base; York 3 - Louisiana 1 |
TOP OF THE 6TH |
York Revolution batting - Pitching for Louisiana Dragoons : LHP Giel Overwater
|
Pitching: RHP Ron Pomar
|
|
Batting: RHB Vaughn White
|
0-0: Ball 1-0: Swinging Strike 1-1: Foul Ball, location: 2F 1-2: Ball 2-2: Foul Ball, location: 2F 2-2: Strikes out swinging
|
Batting: RHB Rich Stevens
|
0-0: DOUBLE (Line Drive, 78D)
|
Batting: RHB Tome Uso
|
0-0: Ball 1-0: Ball 2-0: Foul Ball, location: 2F 2-1: TRIPLE (Flyball, 8LXD) Rich Stevens scores
|
Batting: RHB Andy Alderliesten
|
0-0: Ball 1-0: Foul Ball, location: 2F 1-1: Foul Ball, location: 2F 1-2: Foul Ball, location: 2F 1-2: Ball 2-2: Foul Ball, location: 2F 2-2: SINGLE (Line Drive, 34D) Tome Uso scores
|
Pitching: RHP Claudio Martínez
|
|
Batting: LHB Jack MacOmish
|
0-0: Called Strike 0-1: Fielders Choice at 2nd, 5-4 (Groundball, 56)
|
Batting: RHB John Clark
|
0-0: Ball 1-0: Fielders Choice at 2nd, 6-4 (Groundball, 6)
|
Top of the 6th over - 2 runs, 3 hits, 0 errors, 1 left on base; York 5 - Louisiana 1 |
BOTTOM OF THE 6TH |
Louisiana Dragoons batting - Pitching for York Revolution : RHP Gary Ashley
|
Batting: RHB Toyoshige Ine
|
0-0: Ball 1-0: Ball 2-0: SINGLE (Groundball, 56D)
|
Batting: RHB Tony Calhoun
|
0-0: Fielders Choice at 2nd, 4-6 (Groundball, 4D)
|
Batting: RHB Richello Oliva
|
0-0: Ball 1-0: Called Strike 1-1: Ball 2-1: Ball 3-1: Called Strike 3-2: Foul Ball, location: 2F 3-2: Strikes out looking Tony Calhoun is caught stealing 2nd base Batter strikes out.
|
Bottom of the 6th over - 0 runs, 1 hit, 0 errors, 0 left on base; York 5 - Louisiana 1 |
TOP OF THE 7TH |
York Revolution batting - Pitching for Louisiana Dragoons : RHP Claudio Martínez
|
Batting: SHB Vicente Romero
|
0-0: Ground out 4-3 (Groundball, 4)
|
Batting: RHB Ryoma Yamamoto
|
0-0: Fly out, F4 (Popup, 34)
|
Batting: LHB Travis Towns
|
0-0: Called Strike 0-1: Ball 1-1: Foul Ball, location: 2F 1-2: Strikes out swinging
|
Top of the 7th over - 0 runs, 0 hits, 0 errors, 0 left on base; York 5 - Louisiana 1 |
BOTTOM OF THE 7TH |
Louisiana Dragoons batting - Pitching for York Revolution : RHP Gary Ashley
|
Batting: RHB Eugene Bennett
|
0-0: Ball 1-0: Called Strike 1-1: Fly out, F5 (Line Drive, 5)
|
Batting: RHB David Martínez
|
0-0: Fly out, F8 (Flyball, 89M)
|
Batting: LHB Javier Seco
|
0-0: Fly out, F8 (Flyball, 8RD)
|
Bottom of the 7th over - 0 runs, 0 hits, 0 errors, 0 left on base; York 5 - Louisiana 1 |
TOP OF THE 8TH |
York Revolution batting - Pitching for Louisiana Dragoons : RHP Claudio Martínez
|
Batting: RHB Vaughn White
|
0-0: Swinging Strike 0-1: Ball 1-1: Ball 2-1: Ball 3-1: Called Strike 3-2: Foul Ball, location: 2F 3-2: Foul Ball, location: 2F 3-2: Strikes out swinging, 2-3 out at first.
|
Batting: RHB Rich Stevens
|
0-0: Fly out, F7 (Line Drive, 7)
|
Batting: RHB Tome Uso
|
0-0: Ball 1-0: Fly out, F8 (Line Drive, 8RXD)
|
Top of the 8th over - 0 runs, 0 hits, 0 errors, 0 left on base; York 5 - Louisiana 1 |
BOTTOM OF THE 8TH |
Louisiana Dragoons batting - Pitching for York Revolution : RHP Gary Ashley
|
Batting: LHB Pancho González
|
0-0: Swinging Strike 0-1: DOUBLE (Flyball, 8RXD)
|
Batting: RHB Woodrow McGuire
|
0-0: Ball 1-0: Called Strike 1-1: Foul Ball, location: 2F 1-2: Strikes out swinging
|
Batting: RHB Denny Moore
|
0-0: Ball 1-0: Ball 2-0: Swinging Strike 2-1: Foul Ball, location: 2F 2-2: Ground out 6-3 (Groundball, 6)
|
Batting: RHB Toyoshige Ine
|
0-0: Called Strike 0-1: Fly out, F8 (Flyball, 8RS)
|
Bottom of the 8th over - 0 runs, 1 hit, 0 errors, 1 left on base; York 5 - Louisiana 1 |
TOP OF THE 9TH |
York Revolution batting - Pitching for Louisiana Dragoons : RHP Claudio Martínez
|
Pitching: LHP Noe Toepfer
|
|
Batting: RHB Andy Alderliesten
|
0-0: SINGLE (Flyball, 9S)
|
Batting: LHB Jack MacOmish
|
0-0: Called Strike 0-1: Foul Ball, location: 2F 0-2: Foul Ball, location: 2F 0-2: Ball 1-2: Ball 2-2: Foul Ball, location: 2F 2-2: Strikes out swinging
|
Batting: RHB John Clark
|
0-0: Ball 1-0: Foul Ball, location: 2F 1-1: Called Strike 1-2: Ball 2-2: Ground out U3 (Groundball, 3) Andy Alderliesten to second
|
Batting: SHB Vicente Romero
|
0-0: Called Strike 0-1: Foul Ball, location: 2F 0-2: Strikes out swinging
|
Top of the 9th over - 0 runs, 1 hit, 0 errors, 1 left on base; York 5 - Louisiana 1 |
BOTTOM OF THE 9TH |
Louisiana Dragoons batting - Pitching for York Revolution : RHP Gary Ashley
|
Pitching: RHP Marcos Mesorana
|
|
Batting: RHB Tony Calhoun
|
0-0: Ground out 4-3 (Groundball, 4)
|
Batting: RHB Richello Oliva
|
0-0: Ground out 6-3 (Groundball, 6D)
|
Batting: RHB Eugene Bennett
|
0-0: Ball 1-0: Swinging Strike 1-1: Swinging Strike 1-2: Ball 2-2: Foul Ball, location: 2F 2-2: Ball 3-2: Ground out 5-3 (Groundball, 5S)
|
Bottom of the 9th over - 0 runs, 0 hits, 0 errors, 0 left on base; York 5 - Louisiana 1 |
|